 Dungeon Crawl Stone Soup version 0.25.1-2-g60ff931df9 (webtiles) character file.

Game seed: 10195436463068666174

88 H0rd4k the Insei (level 4, -1/28 HPs)
             Began as an Octopode Transmuter on Aug 24, 2020.
             Slain by a hobgoblin
             ... wielding a +0 club
              (5 damage)
             ... on level 2 of the Dungeon.
             The game lasted 00:01:55 (2473 turns).

H0rd4k the Insei (Octopode Transmuter)              Turns: 2473, Time: 00:01:56

Health: -1/28      AC:  1    Str:  6 (9)  XL:     4   Next: 53%
Magic:  7/7        EV: 13    Int: 15 (16) God:
Gold:   88         SH:  0    Dex: 10 (12) Spells: 7/8 levels left

rFire    . . .     SeeInvis .     - Unarmed
rCold    . . .     Gourm    .   (no shield)
rNeg     . . .     Faith    .   (helmet restricted)
rPois    .         Spirit   .   (no amulet)
rElec    .         Reflect  .   (no ring)
rCorr    .         Harm     .   (no ring)
MR       .....                  (no ring)
Stlth    +++.......             (no ring)
HPRegen  0.09/turn              (no ring)
MPRegen  0.10/turn              (no ring)
                                (no ring)
                                (no ring)

@: no status effects
A: almost no armour, stealthy swim, amphibious, 8 rings, constrict 8, camouflage
1, gelatinous body 1
a: no special abilities


You were on level 2 of the Dungeon.
You were not hungry.

You visited 1 branch of the dungeon, and saw 2 of its levels.

You collected 88 gold pieces.

Inventory:

Missiles
 a - 20 arrows
Scrolls
 b - 2 scrolls of identify
 d - 2 scrolls of teleportation {unknown}
 e - a scroll of magic mapping {unknown}
 i - 2 scrolls of remove curse
Comestibles
 c - 7 rations
 f - 2 chunks of flesh


   Skills:
 + Level 1.1 Fighting
 + Level 2.2 Dodging
 + Level 2.3 Stealth
 + Level 3.7 Unarmed Combat
 * Level 2.6 Spellcasting
 * Level 2.7 Transmutations


You had 7 spell levels left.
You knew the following spells:

 Your Spells              Type           Power        Failure   Level  Hunger
a - Beastly Appendage     Tmut           ##....       7%          1    #......

Your spell library contained the following spells:

 Spells                   Type           Power        Failure   Level  Hunger
 Sticks to Snakes         Tmut           ##......     11%         2    ###....
 Spider Form              Tmut/Pois      #.........   34%         3    ###....
 Ice Form                 Ice/Tmut       #.......     75%         4    #####..
 Blade Hands              Tmut           ##........   88%         5    ######.


Dungeon Overview and Level Annotations

Branches:
Dungeon (2/15)

Altars:

Annotations:
D:1 exclusion: downstairs


Innate Abilities, Weirdness & Mutations

You cannot wear most types of armour.
You are very stealthy in the water. (Stealth+)
You are amphibious.
You can wear up to eight rings at the same time.
You can use your tentacles to constrict eight enemies at once.
Your skin changes colour to match your surroundings (Stealth+).
Your rubbery body absorbs attacks. (AC +1, EV +1)


Message History

You kill the hobgoblin!
The jackal bites you.
* * * LOW HITPOINT WARNING * * *
You closely miss the jackal. You grab the jackal.
You constrict the jackal, but do no damage.
The jackal bites you.
* * * LOW HITPOINT WARNING * * *
You tentacle-slap the jackal but do no damage.
You squeeze the jackal, but do no damage.
You constrict the jackal. The jackal bites you.
* * * LOW HITPOINT WARNING * * *
You tentacle-slap the jackal.
You kill the jackal!
You tentacle-slap the jackal. You grab the jackal.
The jackal is almost dead.
You constrict the jackal.
You kill the jackal!
You tentacle-slap the hobgoblin but do no damage.
Your grab misses the hobgoblin. The hobgoblin hits you with a +0 club.
You die...

.# #..........##.......#
.# #..........##.......+
.#
#..........##.......###
.#
#......÷...##..........
.#####'#########.......#
.................%>.####
...............(.K..#
#######.########g#+##
#.÷# #@# ##.#######.#
#.........# #.........#
#.# #.........# #.#
#.........# #.#
#.........# #.#
#.........# #.#
########.........# #.#


You could see a hobgoblin and a kobold.

Vanquished Creatures
  4 adders (D:2)
  A dart slug (D:2)
  2 leopard geckos (D:2)
  2 bats
  A giant cockroach (D:1)
  9 goblins
  7 hobgoblins
  3 jackals (D:2)
  A quokka (D:2)
  3 ball pythons (D:2)
  A frilled lizard (D:2)
  7 kobolds
  4 rats
45 creatures vanquished.

Notes
Turn   | Place    | Note
-------+----------+-------------------------------------------
     0 | D:1      | H0rd4k the Octopode Transmuter began the quest for the Orb.
     0 | D:1      | Reached XP level 1. HP: 13/13 MP: 3/3
   263 | D:1      | Reached XP level 2. HP: 11/18 MP: 5/5
  1251 | D:1      | Reached skill level 1 in Stealth
  1251 | D:1      | Reached XP level 3. HP: 17/23 MP: 6/6
  1652 | D:2      | HP: 1/23 [poisoned by an adder]
  2072 | D:2      | Reached XP level 4. HP: 24/28 MP: 5/7
  2473 | D:2      | Slain by a hobgoblin

Illustrated notes

Levels and vault maps discovered:
D:1:      matt_arrival_grand_opening, layout_basic
D:2:      layout_basic, first_ration

Skill      XL: |  1  2  3 |
---------------+----------+-----
Stealth        | 1 2 |  2.3
Fighting       | |  1.1
Dodging        | |  2.2
Unarmed Combat | |  3.7
Spellcasting   | |  2.6
Transmutations | |  2.7

Action                   |  1- 3 |  4- 6 || total
-------------------------+-------+-------++-------
Melee: Unarmed           |    60 |    42 ||   102
       Tentacles         |     9 |     2 ||    11
       Constrict         |    18 |    10 ||    28
       Punch             |     2 |     2 ||     4
       Kick              |     2 |       ||     2
 Cast: Beastly Appendage |     3 |       ||     3
  Use: Scroll            |     2 |       ||     2
       Potion            |     2 |       ||     2
 Stab: Sleeping          |     8 |     1 ||     9
  Eat: Chunk             |     3 |     2 ||     5
Armor: Skin              |     2 |     2 ||     4
Dodge: Dodged            |    39 |    19 ||    58
